 Dungeon Crawl Stone Soup version 0.18.1-6-gd335043 (webtiles) character file.

6004 Kenran the Martial Artist (level 10, -4/57 HPs)
             Began as a Vine Stalker Monk on May 18, 2016.
             Was a High Priest of Okawaru.
             Slain by an eight-headed hydra (7 damage)
             ... on level 9 of the Dungeon.
             The game lasted 00:47:42 (11429 turns).

Kenran the Martial Artist (Vine Stalker Monk)      Turns: 11429, Time: 00:47:43

Health: -4/57      AC: 16    Str: 13    XL:     10   Next: 85%
Magic:  0/11       EV:  5    Int: 10    God:    Okawaru [*****.]
Gold:   454        SH:  0    Dex: 21    Spells: 0 memorised, 9 levels left

rFire  . . .     SeeInvis .       - Unarmed
rCold  . . .     Gourm    .     i - +0 plate armour
rNeg   . . .     Faith    .     (no shield)
rPois  .         Spirit   +     y - +1 helmet
rElec  .         Dismiss  .     (no cloak)
rCorr  .         Reflect  .     (no gloves)
SustAt .         Harm     .     (no boots)
MR     +....                    (no amulet)
Stlth  ..........               q - ring of stealth
                                P - +2 ring of protection

@: somewhat resistant to hostile enchantments, extremely unstealthy
A: fangs 3, regeneration 2, magic shield, antimagic bite, no device heal 3, rot
immunity
a: Heroism, Finesse, Renounce Religion


You were on level 9 of the Dungeon.
You worshipped Okawaru.
Okawaru was extremely pleased with you.
You were not hungry.

You visited 2 branches of the dungeon, and saw 11 of its levels.
You also visited: Sewer.

You collected 661 gold pieces.
You spent 207 gold pieces at shops.

Inventory:

Hand Weapons
 n - a +3 whip of venom
Missiles
 a - 80 poisoned needles
 d - 7 silver javelins (quivered)
Armour
 i - a +0 plate armour (worn)
 y - a +1 helmet (worn)
Jewellery
 q - a ring of stealth (right hand)
 E - a cursed amulet of inaccuracy {unknown}
 P - a +2 ring of protection (left hand)
Wands
 g - a wand of lightning (8/15)
 z - a wand of flame (11/48)
 B - a wand of flame (23/48)
 I - a wand of paralysis (21/24)
 J - a wand of polymorph (9/24)
Scrolls
 c - 4 scrolls of identify
 e - a scroll of fear
 f - a scroll of noise
 h - 3 scrolls of magic mapping
 l - 6 scrolls of teleportation
 x - 8 scrolls of remove curse
 M - a scroll of enchant armour
 R - a scroll of blinking
Potions
 j - 3 potions of might
 k - 8 potions of curing
 m - a potion of lignification {unknown}
 o - 2 potions of ambrosia {unknown}
 p - a potion of haste {unknown}
 r - 4 potions of heal wounds {unknown}
 s - a potion of flight {unknown}
 t - a potion of brilliance {unknown}
 w - a potion of degeneration {unknown}
 A - a potion of berserk rage {unknown}
 C - 3 potions of magic
 D - a potion of resistance {unknown}
 Q - a potion of mutation {unknown}
 S - 2 potions of cure mutation {unknown}
Miscellaneous
 v - a lamp of fire
Comestibles
 b - 7 bread rations
 u - 6 meat rations
 N - 10 royal jellies


   Skills:
 - Level 8.5 Fighting
 + Level 5.3 Armour
 - Level 2.4 Dodging
 - Level 2.4 Stealth
 - Level 12.1 Unarmed Combat


You had 9 spell levels left.
You didn't know any spells.

Dungeon Overview and Level Annotations

Branches:
Dungeon (10/15)            Temple (0/1) D:7            Lair (1/8) D:9
    Orc (0/2) D:10

Altars:
Fedhas
Gozag
Kikubaaqudgha
Nemelex Xobeh
Okawaru
Pakellas
Qazlal
Ru
Trog
Vehumet
Zin
The Shining One

Shops:
D:5 [   D:6 (   D:7 (}*[   D:10 [


Innate Abilities, Weirdness & Mutations

You have razor-sharp teeth.
You heal very quickly.
When hurt, damage is shared between your health and your magic reserves.
Your bite disrupts and absorbs the magic of your enemies.
Potions and wands cannot restore your health.
You are immune to rotting.


Message History

The eight-headed hydra bites you!
* * * LOW HITPOINT WARNING * * *
You climb upwards.
Welcome back to the Dungeon!
There is a staircase to the Lair here.
Read which item? (? for menu, Esc to quit)
As you read the scroll of fear, it crumbles to dust.
You assume a fearsome visage.
The eight-headed hydra easily resists.
The komodo dragon looks frightened!
The eight-headed hydra bites you but does no damage.
The eight-headed hydra bites you!
* * * LOW HITPOINT WARNING * * *
The eight-headed hydra bites you but does no damage.
The eight-headed hydra bites you.
* * * LOW HITPOINT WARNING * * *
The eight-headed hydra closely misses you.
The eight-headed hydra bites you but does no damage.
The eight-headed hydra bites you.
* * * LOW HITPOINT WARNING * * *
The eight-headed hydra bites you!
You die...

# ### ##### ###
###.# #...#
#.####..########.#
.#.##.#...##.#l.@###
.....#...###..###D.#
.............#.###.#
.......#......## #.#
###...#....##..#####
#...#..###.#...[.#
#####.## #########
### # ###
#############


You could see an eight-headed hydra and a komodo dragon (fleeing).

Vanquished Creatures
  A gargoyle (D:10)
  A wyvern (D:8)
  8 yaks (D:9)
  A hippogriff (D:9)
  3 hungry ghosts
  Menkaure (D:6)
  A water moccasin (Lair:1)
  A porcupine (Lair:1)
  An orc warrior (D:8)
  A swamp drake (D:8)
  A black bear (D:5)
  A sky beast (D:8)
  5 ogres
  A phantom (D:5)
  The ghost of GordonOverkill the Conjurer, an amateur DrFE (D:3)
  2 crocodiles (D:9)
  5 giant frogs
  3 scorpions
  A water moccasin skeleton (D:7)
  11 wights
  4 crimson imps
  3 howler monkeys
  4 jellies
  2 orc priests
  A centaur zombie (D:7)
  2 giant frog skeletons (D:8)
  6 hounds
  2 centaur skeletons
  Ijyb (D:3)
  Natasha (thrice) (D:2)
  An iguana (D:9)
  3 worker ants
  3 orc wizards
  2 killer bee zombies
  2 howler monkey zombies
  Robin (D:2)
  11 adders
  4 gnolls (D:9)
  10 river rats
  4 shadow imps (D:8)
  9 oozes
  An adder skeleton (D:8)
  An adder zombie (D:6)
  3 worms
  12 giant geckos
  18 orcs
  4 giant cockroaches
  20 goblins
  4 hobgoblins
  24 jackals
  4 quokkas
  3 ball pythons (Sewer)
  5 bats
  A giant gecko skeleton (D:6)
  5 giant newts
  5 kobolds
  5 rats
  A plant (Sewer)
244 creatures vanquished.

Notes
Turn   | Place    | Note
--------------------------------------------------------------
     0 | D:1      | Kenran the Vine Stalker Monk began the quest for the Orb.
     0 | D:1      | Reached XP level 1. HP: 11/11 MP: 2/2
   292 | D:1      | Reached XP level 2. HP: 13/16 MP: 3/3
   778 | D:2      | Reached XP level 3. HP: 19/19 MP: 4/4
   806 | D:2      | Noticed Natasha
   812 | D:2      | Killed Natasha
   812 | D:2      | Reached skill level 5 in Unarmed Combat
   946 | D:2      | Reached XP level 4. HP: 23/23 MP: 5/5
   987 | D:2      | Noticed Natasha
  1013 | D:2      | Killed Natasha
  1073 | D:2      | Found a glowing golden altar of the Shining One.
  1281 | D:2      | Found a radiant altar of Vehumet.
  1281 | D:2      | Found a glowing silver altar of Zin.
  1425 | D:2      | Noticed Robin
  1448 | D:2      | Reached XP level 5. HP: 23/29 MP: 4/6
  1507 | D:2      | Killed Robin
  1672 | D:2      | Found an oddly glowing altar of Pakellas.
  2031 | D:3      | Noticed GordonOverkill's ghost (amateur DrFE)
  2125 | D:3      | Found a glowing drain.
  2133 | D:3      | Reached skill level 6 in Unarmed Combat
  2152 | Sewer    | Entered a sewer
  2223 | Sewer    | Gained mutation: You heal very quickly. [Vine Stalker growth]
  2223 | Sewer    | Reached XP level 6. HP: 29/33 MP: 7/7
  2827 | D:2      | Noticed Natasha
  2830 | D:2      | Killed Natasha
  3225 | D:3      | Noticed Ijyb
  3239 | D:3      | Killed Ijyb
  3686 | D:4      | Found a bloodstained altar of Trog.
  3909 | D:4      | Reached skill level 7 in Unarmed Combat
  3942 | D:4      | Reached XP level 7. HP: 37/37 MP: 8/8
  4204 | D:4      | Found an ancient bone altar of Kikubaaqudgha.
  4283 | D:5      | Entered Level 5 of the Dungeon
  4351 | D:4      | Reached skill level 8 in Unarmed Combat
  4791 | D:5      | Reached skill level 1 in Armour
  4951 | D:5      | Found Sulukk's Antique Armour Boutique.
  5046 | D:5      | Gained mutation: You have razor-sharp teeth. [Vine Stalker growth]
  5046 | D:5      | Reached XP level 8. HP: 42/42 MP: 9/9
  5078 | D:5      | Found an opulent altar of Gozag.
  5078 | D:5      | Found a sparkling altar of Nemelex Xobeh.
  5275 | D:5      | Reached skill level 5 in Fighting
  5401 | D:5      | Found a stormy altar of Qazlal.
  5401 | D:5      | Found an iron altar of Okawaru.
  5404 | D:5      | Became a worshipper of Warmaster Okawaru
  5404 | D:5      | Reached * piety under Okawaru
  5404 | D:5      | Reached ** piety under Okawaru
  5581 | D:6      | Noticed Menkaure
  5808 | D:3      | Killed GordonOverkill's ghost
  6028 | D:6      | Found Borar's Weapon Shop.
  6136 | D:6      | Killed Menkaure
  6826 | D:7      | Found Acoyro's Assorted Antiques.
  6885 | D:7      | Reached skill level 9 in Unarmed Combat
  6909 | D:7      | Found Buawk's Armour Shop.
  7308 | D:7      | Found Abbe Suo's Gadget Shop.
  7337 | D:7      | Reached XP level 9. HP: 43/48 MP: 10/10
  7426 | D:7      | Found Bimuhut's Antique Weapon Boutique.
  7504 | D:7      | Reached skill level 10 in Unarmed Combat
  7510 | D:7      | Found a staircase to the Ecumenical Temple.
  7753 | D:7      | Reached *** piety under Okawaru
  8078 | D:8      | Reached skill level 11 in Unarmed Combat
  8274 | D:8      | Found a blossoming altar of Fedhas.
  8926 | D:9      | Reached **** piety under Okawaru
  8927 | D:9      | Reached XP level 10. HP: 38/55 MP: 11/11
  9046 | D:9      | Found a sacrificial altar of Ru.
  9860 | D:8      | Reached ***** piety under Okawaru
 10201 | D:5      | Bought a transparent hat for 207 gold pieces
 10211 | D:5      | Identified the cursed -2 hat "Beoneos" {Dex+4} (You bought it in a shop on level 5 of the Dungeon)
 10480 | D:9      | Found a staircase to the Lair.
 10564 | D:10     | Entered Level 10 of the Dungeon
 10711 | D:10     | Found Nopruihe's Armour Emporium.
 10737 | D:10     | Found a staircase to the Orcish Mines.
 10935 | D:10     | Noticed a gargoyle
 11023 | D:10     | Killed a gargoyle
 11023 | D:10     | Reached skill level 12 in Unarmed Combat
 11031 | D:10     | Noticed a hill giant
 11135 | Lair:1   | Entered Level 1 of the Lair of Beasts
 11248 | Lair:1   | Reached skill level 5 in Armour
 11376 | Lair:1   | Noticed an eight-headed hydra
 11429 | D:9      | Slain by an eight-headed hydra

Skill      XL: |  1  2  3  4  5  6  7  8  9 10 |
---------------+-------------------------------+-----
Unarmed Combat | 5 6 7 8 9 11 12 | 12.1
Fighting       | 3 4 6 7 8 |  8.5
Armour         | 2 4 5 |  5.3
Dodging        | |  2.4
Stealth        | |  2.4

Action                   |  1- 3 |  4- 6 |  7- 9 | 10-12 || total
-------------------------+-------+-------+-------+-------++-------
Melee: Unarmed           |    38 |       |   172 |   195 ||   405
       Bite              |    12 |    72 |   164 |    72 ||   320
       Punch             |     2 |     9 |    10 |     3 ||    24
       Whip              |    15 |   229 |   251 |       ||   495
Invok: Heroism           |       |       |     3 |       ||     3
  Use: Scroll            |       |     9 |     6 |     8 ||    23
       Potion            |       |     1 |       |       ||     1
  Eat: Chunk             |       |    10 |    10 |    10 ||    30
       Fruit             |       |       |     4 |     3 ||     7
       Beef jerky        |       |       |     4 |     1 ||     5
       Pizza             |       |       |     3 |     2 ||     5
       Royal jelly       |       |       |       |     1 ||     1
Armor: Robe              |     4 |     3 |       |       ||     7
       Scale mail        |       |    67 |     6 |       ||    73
       Plate armour      |       |       |   242 |   181 ||   423
       Chain mail        |       |       |    12 |       ||    12
Dodge: Dodged            |    31 |   131 |    81 |    31 ||   274
